 Dungeon Crawl Stone Soup version 0.29.1-15-g9cfb28693d (webtiles) character file.

Game seed: 483655857292736904

364 Sanktem7 the Chopper (level 6, 0/56 HPs)
             Began as a Minotaur Fighter on Mar 15, 2023.
             Slain by a river rat (2 damage)
             ... summoned by Eustachio
             ... on level 4 of the Dungeon.
             The game lasted 00:05:34 (2902 turns).

Sanktem7 the Chopper (Minotaur Fighter)             Turns: 2902, Time: 00:05:34

Health: 0/56       AC: 11    Str: 22      XL:     6   Next: 39%
Magic:  5/5        EV:  7    Int:  5      God:
Gold:   172        SH:  4    Dex:  6 (10) Spells: 5/5 levels left

rFire   . . .      SeeInvis .   a - +0 war axe {axe}
rCold   . . .      Faith    .   c - +0 buckler
rNeg    . . .      Spirit   .   z - +0 chain mail
rPois   .          Reflect  .   (helmet restricted)
rElec   .          Harm     .   f - +0 cloak
rCorr   .          Rampage  .   (no gloves)
Will    .....                   (no boots)
Stlth   ..........              (no amulet)
HPRegen 0.18/turn               (no ring)
MPRegen 0.09/turn               (no ring)

@: no status effects
A: horns 2, retaliatory headbutt
a: no special abilities


You were on level 4 of the Dungeon.
You visited 1 branch of the dungeon, and saw 4 of its levels.

You collected 172 gold pieces.


Innate Abilities, Weirdness & Mutations

You have a pair of horns on your head.
You reflexively headbutt those who attack you in melee.


   Skills:
 + Level 5.0 Fighting
 * Level 5.5 Axes
 + Level 5.0 Armour
 + Level 5.1 Shields


You had 5 spell levels left.
You didn't know any spells.
Your spell library contained the following spells:

 Spells                   Type           Power      Damage    Failure   Level
 Gell's Gravitas          Tloc           0%         N/A       100%        3
 Lesser Beckoning         Tloc           0%         N/A       100%        3
 Teleport Other           Tloc           0%         N/A       100%        3

Inventory:

Hand Weapons
 a - a +0 war axe (weapon) {axe}
 n - a +3 short sword {short}
   (You took it off a kobold on level 2 of the Dungeon)
 q - a +1 dagger of venom {short}
   (You took it off a goblin on level 2 of the Dungeon)
Missiles
 i - 41 stones (quivered) {throwing}
 y - 3 poisoned darts {throwing}
Armour
 c - a +0 buckler (worn)
 f - a +0 cloak (worn)
   (You found it on level 1 of the Dungeon)
 z - a +0 chain mail (worn)
   (You found it on level 4 of the Dungeon)
Jewellery
 g - a ring of willpower
   (You found it on level 1 of the Dungeon)
Wands
 b - a wand of acid (12)
   (You found it on level 4 of the Dungeon)
 r - a wand of polymorph (12)
   (You took it off Ijyb on level 3 of the Dungeon)
Scrolls
 h - a scroll of vulnerability {unknown}
 j - a scroll of torment {unknown}
 k - a scroll of immolation {unknown}
 m - a scroll of amnesia {unknown}
 o - a scroll of blinking {unknown}
 p - 6 scrolls of identify {unknown}
 u - a scroll of teleportation {unknown}
Potions
 d - a potion of might
 e - a potion of brilliance {unknown}
 l - 9 potions of curing {unknown}
 s - a potion of flight {unknown}
 t - a potion of ambrosia {unknown}
 v - a potion of haste {unknown}
 w - a potion of cancellation {unknown}
 x - a potion of heal wounds {unknown}
 A - 2 potions of resistance {unknown}

Dungeon Overview and Level Annotations

Branches:
Dungeon (4/15) Zot: 21055
 Temple: D:4-7

Altars:

Shops:
D:4 :

Annotations:
D:4 Eustachio

#........#######+##......
#........................
#....##..................
#....##..................
###....##..................
#..r..............#...#....
##.######.5r.......#...#..).
#......<#@rrr......#......).
######.r...###.#@.....###........
.......r.......#......# #........
.......ยง...#####......###........
....@......#####......#...[......
##.....ยง.............##.....#....
#...).....#####.....##.....#....
#.........# #.....##.....###..
#.........# #.....####...##...
#.........# #.....# #...##...


You could see Eustachio, an iron imp (summoned), 3 river rats and a quokka
(summoned).


Message History

The iron imp hits you but does no damage.
The quasit bites you but does no damage.
The quasit claws you.
* * * LOW HITPOINT WARNING * * *
The quasit claws you but does no damage.
The iron imp hits you.
* * * LOW HITPOINT WARNING * * *
๐Ÿ˜จ HP[-9]
You take 9 damage, and now have 16/56 hp.
You hit the quasit. You hit the iron imp but do no damage.
You barely miss the river rat. You completely miss the iron imp.
The river rat bites you.
* * * LOW HITPOINT WARNING * * *
You block the quasit's attack.
The quasit claws you but does no damage. x2
Eustachio casts a spell.
Eustachio blinks!
The iron imp hits you.
* * * LOW HITPOINT WARNING * * *
The iron imp hits you.
* * * LOW HITPOINT WARNING * * *
๐Ÿ˜ฑ HP[-6]
You take 6 damage, and now have 10/56 hp.
The river rat attacks as you move away! The river rat barely misses you.
You furiously retaliate!
You headbutt the river rat. The quokka closely misses you.
The iron imp disappears for a moment.
The quasit completely misses you. You block the quasit's attack.
The quasit claws you but does no damage. ๐Ÿ˜ฑ HP[+1]
The quokka attacks as you move away!
The quokka bites you but does no damage.
The river rat attacks as you move away! You block the river rat's attack.
The quokka attacks as you move away! The quokka bites you.
* * * LOW HITPOINT WARNING * * *
The quokka bites you but does no damage. ๐Ÿ˜ฑ HP[-2]
You take 2 damage, and now have 9/56 hp.
The quokka attacks as you move away!
The quokka bites you but does no damage.
The iron imp disappears in a puff of smoke!
Eustachio mumbles some strange words.
Eustachio blinks! ๐Ÿ˜ฑ HP[+1]
The river rat attacks as you move away! The river rat barely misses you.
You furiously retaliate!
You headbutt the river rat. The quasit bites you.
* * * LOW HITPOINT WARNING * * *
The quasit claws you but does no damage. x2 ๐Ÿ˜ฑ HP[-2]
You take 2 damage, and now have 8/56 hp.
You hit the quasit but do no damage.
The quasit bites you but does no damage.
You block the quasit's attack.
The quasit claws you but does no damage.
The quasit bites you.
* * * LOW HITPOINT WARNING * * *
You feel clumsy.
The quasit claws you but does no damage. x2 ๐Ÿ˜ฑ HP[-3]
You take 3 damage, and now have 5/56 hp.
You barely miss the quasit. Your headbutt misses the quasit.
You closely miss the quokka. The quokka barely misses you.
The quasit bites you.
* * * LOW HITPOINT WARNING * * *
The quasit completely misses you.
The quasit claws you but does no damage.
The quokka bites you but does no damage.
You hit the quasit.
You kill the quasit!
The quasit disappears in a puff of smoke!
You miss the quokka.
The iron imp disappears in a puff of smoke!
You block the quokka's attack.
The quokka twitches its whiskers.
The quokka barely misses you.
Eustachio mumbles some strange words. ๐Ÿ˜ฑ HP[+1] Eustachio gestures wildly while chanting.
Eustachio blinks!
The quokka attacks as you move away! The quokka closely misses you.
You furiously retaliate!
You headbutt the quokka.
You kill the quokka!
The quokka's corpse disappears in a puff of smoke!
Eustachio mumbles some strange words. ๐Ÿ˜ฑ HP[+1]
The quasit disappears in a puff of smoke!
The river rat twitches its whiskers.
The river rat barely misses you. The river rat completely misses you.
The river rat bites you but does no damage.
The river rat closely misses you.
Eustachio casts a spell.
The river rat attacks as you move away! The river rat bites you.
* * * LOW HITPOINT WARNING * * *
The river rat closely misses you. Eustachio hits you with a +0 rapier.
* * * LOW HITPOINT WARNING * * *
๐Ÿ˜ฑ HP[-5]
You take 5 damage, and now have 2/56 hp.
You block the river rat's attack. The river rat attacks as you move away!
The river rat bites you.
You die...

Skill      XL: |  1  2  3  4  5 |
---------------+----------------+-----
Axes           | 3 4 5 |  5.5
Fighting       | 4 5 |  5.0
Shields        | 4 5 |  5.1
Armour         | 4 5 |  5.0

Action                   |  1- 3 |  4- 6 || total
-------------------------+-------+-------++-------
Melee: War axe           |    56 |    71 ||   127
       Headbutt          |     4 |     8 ||    12
       Unarmed           |       |     7 ||     7
Armor: Scale mail        |    35 |    30 ||    65
       Skin              |       |     1 ||     1
       Chain mail        |       |    49 ||    49
Dodge: Dodged            |    33 |    54 ||    87
Block: Buckler           |    12 |    41 ||    53

Levels and vault maps discovered:
D:1:      dpeg_arrival_yet_another_circle, layout_loops_ring
D:2:      layout_loops_ring, hellmonk_ecumenical_altar_watching_god,
          uniq_natasha, uniq_robin
D:3:      layout_loops_ring, dk_noncrumbling_4, hangedman_decor_growths,
          hangedman_decor_clover_reticule, uniq_grinder, uniq_ijyb
D:4:      layout_basic, serial_shops, shop, minivault_25, uniq_eustachio

Notes
Turn   | Place    | Note
-------+----------+-------------------------------------------
     0 | D:1      | Sanktem7 the Minotaur Fighter began the quest for the Orb.
     0 | D:1      | Reached XP level 1. HP: 19/19 MP: 0/0
     0 | D:1      | magus.rc [v1.9.6]
   744 | D:1      | Reached XP level 2. HP: 27/27 MP: 1/1
   895 | D:2      | Reached skill level 3 in Axes
  1094 | D:2      | Reached skill level 4 in Fighting
  1116 | D:2      | Reached XP level 3. HP: 33/33 MP: 2/2
  1209 | D:2      | Reached skill level 4 in Shields
  1245 | D:2      | Noticed Natasha
  1247 | D:2      | Killed Natasha
  1248 | D:2      | Reached skill level 4 in Armour
  1278 | D:2      | Found a faded altar of an unknown god.
  1278 | D:2      | Noticed an eye of devastation
  1283 | D:2      | Noticed a floating eye
  1286 | D:2      | Noticed a great orb of eyes
  1286 | D:2      | Noticed a golden eye
  1286 | D:2      | Noticed Robin
  1296 | D:2      | Killed Robin
  1297 | D:2      | Reached XP level 4. HP: 33/40 MP: 3/3
  1522 | D:2      | Noticed Natasha
  1525 | D:2      | Killed Natasha
  1526 | D:2      | Reached skill level 4 in Axes
  1757 | D:3      | Noticed Ijyb
  1767 | D:3      | Killed Ijyb
  1768 | D:3      | Reached XP level 5. HP: 42/47 MP: 4/4
  2213 | D:3      | Noticed Grinder
  2225 | D:3      | Paralysed by Grinder for 3 turns
  2232 | D:3      | Killed Grinder
  2233 | D:3      | Reached skill level 5 in Fighting
  2233 | D:3      | Reached skill level 5 in Axes
  2233 | D:3      | Reached skill level 5 in Armour
  2233 | D:3      | Reached skill level 5 in Shields
  2233 | D:3      | Reached XP level 6. HP: 38/56 MP: 5/5
  2645 | D:4      | Found Jaaloghirun's Book Shoppe.
  2771 | D:4      | You pick up a book of Displacement and begin reading...
  2771 | D:4      | You add the spells Lesser Beckoning, Gell's Gravitas and
                  | Teleport Other to your library.
  2847 | D:4      | Noticed Eustachio
  2873 | D:4      | HP: 14/56 [river rat[Eustachio] (2)]
  2878 | D:4      | HP: 9/56 [quokka[Eustachio] (2)]
  2884 | D:4      | HP: 5/56 [quasit[Eustachio] (3)]
  2900 | D:4      | HP: 3/56 [river rat[Eustachio] (4)]
  2902 | D:4      | Slain by a river rat

Vanquished Creatures
  Grinder (D:3)
  Ijyb (D:3)
  Natasha (twice) (D:2)
  Robin (D:2)
  4 adders
  An ufetubus (D:4)
  An orc (D:3)
  6 bats
  3 endoplasms
  3 giant cockroaches
  8 goblins (D:2)
  7 hobgoblins
  A quokka (D:3)
  5 ball pythons
  2 frilled lizards
  8 kobolds
  5 rats
59 creatures vanquished.

Table legend:
 A = Non-vault XP
 B = Vault XP
 C = Vault XP percentage of total XP
 D = Non-vault monster count
 E = Vault monster count
 F = Vault count percentage of total count
                 A         B        C        D         E       F
            +---------+---------+-------+---------+---------+-------
      Total |     155 |     366 |  70.2 |      45 |      14 |  23.7
            +---------+---------+-------+---------+---------+-------
        D:1 |      13 |       0 |   0.0 |       9 |       0 |   0.0
        D:2 |      80 |      68 |  45.9 |      15 |      12 |  44.4
        D:3 |      42 |     298 |  87.6 |      12 |       2 |  14.3
        D:4 |      20 |       0 |   0.0 |       9 |       0 |   0.0
            +---------+---------+-------+---------+---------+-------

Illustrated notes

Table legend:
 A = Kills in this place as a percentage of kills in entire the game.
 B = Kills by you in this place as a percentage of kills by you in the entire game.
 C = Kills by friends in this place as a percentage of kills by friends in the entire game.
 D = Other kills in this place as a percentage of other kills in the entire game.
 E = Experience gained in this place as a percentage of experience gained in the entire game.
 F = Experience gained in this place divided by the number of levels of this place that you have seen.
                   A       B       C       D       E      F
               +-------+-------+-------+-------+-------+----------------------
         Total | 100.0 | 100.0 |   N/A |   N/A | 100.0 | 130.2
       Dungeon | 100.0 | 100.0 |   N/A |   N/A | 100.0 | 130.2
               +-------+-------+-------+-------+-------+----------------------

Table legend: (Time is in decaauts)
 A = Elapsed time spent in this place.
 B = Non-inter-level travel time spent in this place.
 C = Inter-level travel time spent in this place.
 D = Time resting spent in this place.
 E = Time spent auto-exploring this place.
 F = Levels seen in this place.
 G = Mean time per level.
                   A        B        C        D        E       F      G
               +--------+--------+--------+--------+--------+-----+--------+
         Total |   2945 |   2903 |     42 |      0 |   2468 |   4 |  736.2 |
       Dungeon |   2945 |   2903 |     42 |      0 |   2468 |   4 |  736.2 |
               +--------+--------+--------+--------+--------+-----+--------+

Top non-repeatable levels by time:
     D:3: 987 daAuts
     D:2: 915 daAuts
     D:1: 779 daAuts
     D:4: 262 daAuts
